 Dungeon Crawl Stone Soup version 0.27.1-15-g792fb953b9 (webtiles) character file.

Game seed: 12033992361415157344

108 croobank the Scratcher (level 4, 0/19 HPs)
             Began as a Felid Transmuter on Nov 19, 2021.
             Fell down a flight of stairs (1 damage)
             ... on level 4 of the Dungeon.
             The game lasted 00:16:50 (2004 turns).

croobank the Scratcher (Felid Transmuter)           Turns: 2004, Time: 00:16:54

Health: 0/19       AC:  5    Str:  4 (7)  XL:     4   Next: 58%
Magic:  9/9        EV: 18    Int: 13 (14) God:
Gold:   66         SH:  0    Dex: 15 (17) Spells: 3/9 levels left
                                        Lives:  0   Deaths: 1

rFire    + . .     SeeInvis +     - Unarmed
rCold    + . .     Faith    .   (shield unavailable)
rNeg     . . .     Spirit   .   (armour unavailable)
rPois    +         Reflect  .   (helmet unavailable)
rElec    +         Harm     .   (cloak unavailable)
rCorr    +         Rampage  .   (gloves unavailable)
Will     .....                  (boots unavailable)
Stlth    +.........             (no amulet)
HPRegen  0.06/turn              g - +4 ring of protection
MPRegen  0.11/turn              j - ring of wizardry

@: confused, resistant, quick
A: very small, claws 1, fangs 3, see invisible, speed 1, shaggy fur 1, stealthy
paws, no weapons or thrown items, no armour, multi-lived
a: no special abilities


You were on level 4 of the Dungeon.
You visited 1 branch of the dungeon, and saw 3 of its levels.

You collected 66 gold pieces.

Inventory:

Missiles
 a - 20 stones
Jewellery
 g - a +4 ring of protection (left paw)
 j - a ring of wizardry (right paw)
Potions
 b - a potion of degeneration
 h - a potion of heal wounds


   Skills:
 + Level 1.0 Fighting
 + Level 4.5 Dodging
 + Level 0.6 Stealth
 + Level 4.6 Unarmed Combat
 + Level 3.1 Spellcasting
 + Level 2.6 Transmutations


You had 3 spell levels left.
You knew the following spells:

 Your Spells              Type           Power      Damage    Failure   Level
a - Beastly Appendage     Tmut           16%        N/A       3%          1
b - Wereblood             Tmut           8%         N/A       4%          2
c - Spider Form           Tmut/Pois      2%         N/A       16%         3

Your spell library contained the following spells:

 Spells                   Type           Power      Damage    Failure   Level
 Ice Form                 Ice/Tmut       5%         N/A       45%         4


Dungeon Overview and Level Annotations

Branches:
Dungeon (3/15)

Altars:

Shops:
D:1 =

Annotations:
D:2 1 runed translucent door, Crazy Yiuf
D:3 2 transporters, Natasha


Innate Abilities, Weirdness & Mutations

You have sharp claws.
You have razor-sharp teeth.
You have supernaturally acute eyesight. (SInv)
You cover ground quickly. (Speed+)
You are covered in fur. (AC +1)
Your paws help you pounce on unaware monsters.
You are incapable of wielding weapons or throwing items.
You cannot wear armour.
You gain extra lives every three experience levels.


Message History

The orc wizard misses you. The orc completely misses you.
The orc closely misses you.
Your primal bloodlust is almost over.
The orc wizard hits you with a +0 dagger.
The orc wizard gestures at you while chanting.
The magic dart hits the orc wizard.
The orc hits you but does no damage.
The orc priest calls upon Beogh to heal the orc.
The orc's wounds heal themselves!
The orc wizard casts a spell at you. You resist with some effort.
The orc wizard closely misses you.
The orc wizard points at you and mumbles some strange words.
The magic dart hits you.
* * * LOW HITPOINT WARNING * * *
As you read the scroll labelled YTHY PISKUTZ, it crumbles to dust.
The creatures around you are filled with an inner flame!
It was a scroll of immolation.
Blink to where?
Press: ? - help, Dir - move target
Found a robe.
Found a stone staircase leading down.
As you read the scroll labelled NUZUOCW UNUM, it crumbles to dust.
It was a scroll of blinking.
Your primal bloodlust has ended.
The bat completely misses you.
The orc wizard points at you and mumbles some strange words.
You are confused.
The bat misses you. The bat hits you but does no damage.
The bat hits you but does no damage. The bat hits you.
* * * LOW HITPOINT WARNING * * *
There is a stone staircase leading down here.
The bat closely misses you. The orc wizard casts a spell at you.
The magic dart hits the orc wizard.
Flame seeps out of the orc wizard.
The orc wizard is engulfed in blazing flames.
The orc wizard explodes!
The bat closely misses you. The orc closely misses you.
In your confused state, you trip and fall down the stairs.
You die...

###### ## ### ## #....##
#. ..# .# #.....# #.##.#
.# #.....####...[#######
.####...................#
................@.......#
..............§§bo......#
.####...o#####○.........#
.# #.....o.o.§§........#
.####.).o#..o...........#
......####....##......###
......# #....##.....##
......# #######.....#
......##### #######


You could see an orc priest, an orc wizard (inner flame, invisible), an orc
(inner flame) and a bat.

Vanquished Creatures
  A scorpion (D:3)
  Natasha (twice) (D:3)
  An orc wizard (D:3)
  3 adders
  A worm (D:2)
  A dart slug (D:3)
  9 bats
  7 endoplasms
  5 goblins
  4 hobgoblins
  A kobold (D:1)
  2 ball pythons
  3 frilled lizards
  5 rats
45 creatures vanquished.

Notes
Turn   | Place    | Note
-------+----------+-------------------------------------------
     0 | D:1      | croobank the Felid Transmuter began the quest for the Orb.
     0 | D:1      | Reached XP level 1. HP: 9/9 MP: 4/4
   312 | D:1      | Reached XP level 2. HP: 12/12 MP: 4/6
   846 | D:1      | Found a faded altar of an unknown god.
   859 | D:1      | Found Mydoghiw's Jewellery Emporium.
   985 | D:2      | Found a runed translucent door.
   986 | D:2      | Noticed Crazy Yiuf
  1125 | D:2      | Reached XP level 3. HP: 15/15 MP: 7/7
  1530 | D:2      | Learned a level 2 spell: Wereblood
  1534 | D:2      | Learned a level 3 spell: Spider Form
  1662 | D:3      | Found a transporter.
  1676 | D:3      | Found a transporter.
  1726 | D:3      | Reached XP level 4. HP: 19/19 MP: 6/8
  1736 | D:3      | Noticed Natasha
  1752 | D:3      | Killed Natasha
  1827 | D:3      | Noticed Natasha
  1838 | D:3      | Killed Natasha
  1841 | D:3      | Noticed a scorpion
  1870 | D:3      | Killed a scorpion
  1871 | D:3      | Reached XP level 5. HP: 10/22 MP: 7/10
  1920 | D:3      | Noticed Natasha
  1941 | D:3      | Slain by a crimson imp
  1942 | D:3      | Reached XP level 4. HP: 0/19 MP: 8/9
  2004 | D:4      | Fell down a flight of stairs

Illustrated notes

Levels and vault maps discovered:
D:1:      nicolae_arrival_somewhat_less_tricky_arrival, layout_basic,
          serial_shops, nicolae_shop_statue_plus, basic_ecumenical_altar,
          minmay_tree_intersection
D:2:      layout_rooms, uniq_crazy_yiuf_cottage
D:3:      gammafunk_wand_slinger, layout_basic, uniq_natasha

Skill      XL: |  1  2  3  4 |
---------------+-------------+-----
Dodging        | 3 4 |  4.5
Unarmed Combat | 4 |  4.6
Spellcasting   | 3 |  3.1
Fighting       | |  1.0
Stealth        | |  0.6
Transmutations | |  2.6

Action                   |  1- 3 |  4- 6 || total
-------------------------+-------+-------++-------
Melee: Unarmed           |    90 |    48 ||   138
       Bite              |     8 |     2 ||    10
       Headbutt          |     6 |     2 ||     8
       Punch             |     1 |     2 ||     3
 Cast: Beastly Appendage |    20 |     3 ||    23
       Wereblood         |       |     4 ||     4
  Use: Scroll            |     2 |     3 ||     5
       Potion            |       |     5 ||     5
 Stab: Sleeping          |     3 |       ||     3
Armor: Skin              |    10 |    16 ||    26
Dodge: Dodged            |    73 |    76 ||   149
